 Dungeon Crawl Stone Soup version 0.21.1-1-g345015f (webtiles) character file.

20239 poirepourri the Severer (level 12, -5/112 HPs)
             Began as a Minotaur Berserker on July 22, 2018.
             Was an Elder of Trog.
             Slain by a death yak (24 damage)
             ... on level 3 of the Lair of Beasts.
             The game lasted 00:16:01 (15988 turns).

poirepourri the Severer (Minotaur Berserker)       Turns: 15988, Time: 00:16:02

Health: -5/112     AC: 11    Str: 22    XL:     12   Next: 43%
Magic:  3/3        EV: 18    Int:  4    God:    Trog [****..]
Gold:   169        SH:  0    Dex: 15    Spells: 11/11 levels left

rFire    . . .     SeeInvis +   a - +2 hand axe (antimagic)
rCold    . . .     Gourm    .   (no shield)
rNeg     . . .     Faith    .   p - +3 scale mail
rPois    +         Spirit   .   (helmet restricted)
rElec    .         Reflect  .   (no cloak)
rCorr    .         Harm     .   (no gloves)
MR       .....                  E - +0 pair of boots
Stlth    ..........             (no amulet)
HPRegen  0.28/turn              s - ring of poison resistance
MPRegen  0.08/turn              h - ring of see invisible

@: about to teleport
A: retaliatory headbutt, horns 2
a: Berserk, Trog's Hand, Brothers in Arms, Burn Spellbooks, Renounce Religion


You were on level 3 of the Lair of Beasts.
You worshipped Trog.
Trog was greatly pleased with you.
You were full.

You visited 3 branches of the dungeon, and saw 14 of its levels.

You collected 696 gold pieces.
You spent 527 gold pieces at shops.

Inventory:

Hand Weapons
 a - a +2 antimagic hand axe (weapon)
 b - the +9 flail of Corruption {antimagic, Dex+7}
   (You found it on level 9 of the Dungeon)

   It reduces the magical energy of the wielder, and disrupts the spells and
   magical abilities of those hit.
   Natural abilities and divine invocations are not affected.
   It affects your dexterity (+7).
Missiles
 z - 14 bolts
Armour
 p - a +3 scale mail (worn)
 t - a +2 buckler of poison resistance
 E - a +0 pair of boots (worn)
Jewellery
 g - an uncursed amulet of rage
 h - a ring of see invisible (right hand)
 s - a ring of poison resistance (left hand)
 u - a +3 amulet of reflection {unknown}
 x - an uncursed ring of ice
 y - a +2 amulet of reflection {unknown}
Wands
 r - a wand of enslavement (21)
 A - a wand of random effects (34)
 B - a wand of acid (2)
 C - a wand of disintegration (20)
Scrolls
 l - 9 scrolls of remove curse
 o - a scroll of teleportation
Potions
 d - 2 potions of ambrosia
 e - 2 potions of mutation {unknown}
 j - 3 potions of lignification
 k - a potion of flight {unknown}
 m - 2 potions of cancellation
 q - 2 potions of curing
 v - a potion of invisibility {unknown}
 D - a potion of berserk rage {unknown}
Miscellaneous
 w - a lamp of fire
Comestibles
 c - 12 rations


   Skills:
 - Level 12.0 Fighting
 + Level 15.9 Axes
 - Level 2.0 Throwing
 - Level 6.0 Armour
 - Level 12.1 Dodging


You had 11 spell levels left.
You didn't know any spells.

Dungeon Overview and Level Annotations

Branches:
Dungeon (10/15)            Temple (1/1) D:6            Lair (3/6) D:9
  Swamp (0/4) Lair:2
  Snake: Lair:2-4    Spider: Lair:2-4       Orc: D:9-12

Altars:
Ashenzari
Cheibriados
Dithmenos
Elyvilon
Fedhas
Gozag
Hepliaklqana
Kikubaaqudgha
Makhleb
Nemelex Xobeh
Okawaru
Qazlal
Ru
Sif Muna
Trog
Uskayaw
Vehumet
Wu Jian
Xom
Yredelemnul
Zin
The Shining One

Shops:
D:5 [   D:7 %   D:8 :


Innate Abilities, Weirdness & Mutations

You reflexively headbutt those who attack you in melee.
You have a pair of horns on your head.


Message History

You are encased in ice.
The ice encasing you melts away. The death yak gores you!!
* * * LOW HITPOINT WARNING * * *
Okay, then.
Okay, then.
You feel better. The porcupine bites you!
* * * LOW HITPOINT WARNING * * *
The death yak misses you.
Unknown command.
The porcupine misses you. You furiously retaliate!
You headbutt the porcupine.
The blink frog blinks!
The blink frog blinks!
The porcupine bites you.
* * * LOW HITPOINT WARNING * * *
Found 5 gold pieces.
Okay, then.
As you read the scroll of teleportation, it crumbles to dust.
You feel strangely unstable. The porcupine misses you.
The death yak gores you!!
You die...

....YY.###.P##.....#
#......###P..#.....##
##.Y................###.#
............<............
..Y..Y...÷....%..................
.....Y.................. .......
.....................$.. .......
....................# ......
................@r..## ....#
.....#.#.....#...Y...##### #..##
#....#####.####.....##...###Y..#
......# #.# ##....Y.##..Yk'Y.#
....... #......k##..###...#
...#.....+Y...# ...♣♣
..##......#.#####.♣♣ ..#
#.F...#.## #♣♣♣♣ ..
#.....#.P####♣≈P≈♣≈


You could see 3 death yaks, a blink frog, a rime drake and a porcupine.

Vanquished Creatures
  2 hydras (Lair:2)
  2 two-headed ogres (D:8)
  The ghost of poirepourri the Severer, a novice MiBe of Trog (D:9)
  An ugly thing (D:8)
  3 elephants (Lair:2)
  4 black mambas
  4 spiny frogs
  A komodo dragon (D:9)
  Prince Ribbit (D:7)
  A blink frog (Lair:3)
  4 dream sheep (Lair:1)
  6 hippogriffs
  22 yaks
  2 wyverns
  2 water moccasins
  Duvessa (D:7)
  6 porcupines
  2 hell hounds (D:9)
  4 orc warriors
  The ghost of poirepourri the Chopper, an amateur MiBe of Trog (D:3)
  3 sky beasts
  5 ice beasts
  4 ogres
  4 centaurs
  4 wolves (Lair:2)
  5 crocodiles
  A big kobold (D:8)
  11 bullfrogs
  4 scorpions
  Dowan (D:7)
  8 killer bees
  2 howler monkeys
  8 wights
  An electric eel (Lair:2)
  3 crimson imps
  2 bullfrog zombies
  A centaur zombie (D:6)
  4 hounds
  A centaur skeleton (D:7)
  6 orc wizards
  7 orc priests
  2 jellies
  3 bullfrog skeletons
  An iguana (D:7)
  7 worker ants
  A hound skeleton (D:6)
  11 adders
  2 shadow imps (D:5)
  An ooze (D:5)
  An adder skeleton (D:7)
  2 adder zombies
  A worm (D:2)
  3 dart slugs
  4 leopard geckos
  33 orcs
  10 giant cockroaches
  10 goblins
  5 hobgoblins
  11 jackals
  12 kobolds
  5 quokkas
  7 bats
  6 frilled lizards
  A jackal zombie (D:2)
  A leopard gecko skeleton (D:4)
  2 quokka skeletons
  2 quokka zombies (D:6)
  7 rats
  A butterfly (Lair:2)
307 creatures vanquished.

Vanquished Creatures (collateral kills)
  A torpor snail (Lair:1)
  3 yaks (Lair:2)
4 creatures vanquished.

Vanquished Creatures (others)
  A sky beast (D:6)
  An orc (D:8)
  2 plants
4 creatures vanquished.

Grand Total: 315 creatures vanquished

Notes
Turn   | Place    | Note
-------+----------+-------------------------------------------
     0 | D:1      | poirepourri the Minotaur Berserker began the quest for the Orb.
     0 | D:1      | Reached XP level 1. HP: 19/19 MP: 0/0
    73 | D:1      | Reached skill level 4 in Axes
   148 | D:1      | Reached XP level 2. HP: 23/26 MP: 1/1
   899 | D:1      | Reached skill level 5 in Axes
  1027 | D:2      | Reached XP level 3. HP: 31/31 MP: 2/2
  1163 | D:2      | Reached ** piety under Trog
  1225 | D:2      | HP: 1/31 [leopard gecko (2)]
  1529 | D:2      | Reached skill level 6 in Axes
  1529 | D:2      | Reached XP level 4. HP: 30/39 MP: 3/3
  1802 | D:2      | Found a sacrificial altar of Ru.
  1820 | D:2      | Found an opulent altar of Gozag.
  2252 | D:3      | Found a basalt altar of Yredelemnul.
  2430 | D:3      | Noticed poirepourri's ghost (amateur MiBe)
  2449 | D:3      | Killed poirepourri's ghost
  2449 | D:3      | Reached skill level 7 in Axes
  2449 | D:3      | Reached XP level 5. HP: 34/45 MP: 4/4
  2703 | D:3      | Found a bloodstained altar of Trog.
  2888 | D:4      | Reached skill level 8 in Axes
  3003 | D:4      | Reached XP level 6. HP: 51/51 MP: 4/5
  3179 | D:4      | Reached *** piety under Trog
  3671 | D:5      | Entered Level 5 of the Dungeon
  3686 | D:5      | Noticed an ice beast
  3696 | D:5      | Killed an ice beast
  3696 | D:5      | Reached skill level 9 in Axes
  4366 | D:5      | Found Pyatwo's Armour Emporium.
  4452 | D:6      | Noticed a sky beast
  4712 | D:6      | Killed a sky beast
  4712 | D:6      | Reached skill level 5 in Fighting
  4712 | D:6      | Reached XP level 7. HP: 57/61 MP: 6/6
  4842 | D:6      | Noticed a hippogriff
  4851 | D:6      | Killed a hippogriff
  5239 | D:6      | Reached XP level 8. HP: 73/74 MP: 7/7
  5269 | D:6      | Found a staircase to the Ecumenical Temple.
  5379 | Temple   | Entered the Ecumenical Temple
  5658 | D:6      | Reached skill level 10 in Fighting
  6011 | D:6      | Reached XP level 9. HP: 60/90 MP: 8/8
  6313 | D:7      | Reached **** piety under Trog
  6510 | D:7      | Noticed Prince Ribbit
  6518 | D:7      | Killed Prince Ribbit
  6537 | D:7      | Reached skill level 5 in Dodging
  6541 | D:7      | Noticed Duvessa
  6542 | D:7      | Noticed Dowan
  6556 | D:7      | Killed Dowan
  6567 | D:7      | Killed Duvessa
  6943 | D:7      | Reached ***** piety under Trog
  7024 | D:7      | Found Figejen's Food Shoppe.
  7032 | D:7      | Bought a ration for 55 gold pieces
  7032 | D:7      | Bought a ration for 55 gold pieces
  7032 | D:7      | Bought a ration for 55 gold pieces
  7032 | D:7      | Bought a ration for 55 gold pieces
  7032 | D:7      | Bought a ration for 55 gold pieces
  7609 | D:7      | Found a radiant altar of Vehumet.
  8115 | D:7      | Reached XP level 10. HP: 30/97 MP: 9/9
  8694 | D:8      | Noticed a brown ugly thing
  8704 | D:8      | Killed a brown ugly thing
  8880 | D:8      | Found Uricerphi's Book Emporium.
  8896 | D:8      | Noticed a two-headed ogre
  8907 | D:8      | Killed a two-headed ogre
  8907 | D:8      | Reached skill level 10 in Dodging
  8926 | D:8      | Received a gift from Trog
  8933 | D:8      | Noticed a two-headed ogre
  8952 | D:8      | Killed a two-headed ogre
  9234 | D:8      | Found a glowing golden altar of the Shining One.
  9652 | D:9      | Noticed poirepourri's ghost (novice MiBe)
  9668 | D:9      | Killed poirepourri's ghost
  9668 | D:9      | Reached skill level 5 in Armour
 10209 | D:9      | Reached XP level 11. HP: 98/104 MP: 3/10
 10353 | D:9      | Found a staircase to the Lair.
 10647 | D:9      | Reached skill level 1 in Throwing
 10788 | D:9      | Found a shimmering altar of Xom.
 10821 | D:9      | Got an ancient flail
 10824 | D:9      | Identified the +9 flail of Corruption {antimagic, Dex+7} (You found it on level 9 of the Dungeon)
 11071 | D:9      | Found a sacrificial altar of Ru.
 11368 | D:9      | Found a glowing silver altar of Zin.
 11368 | D:9      | Found an opulent altar of Gozag.
 11370 | D:9      | Found a hide-covered altar of Uskayaw.
 11370 | D:9      | Found an ornate altar of the Wu Jian Council.
 11370 | D:9      | Found a shimmering altar of Xom.
 11416 | D:10     | Entered Level 10 of the Dungeon
 11660 | Lair:1   | Entered Level 1 of the Lair of Beasts
 11676 | Lair:1   | Reached skill level 10 in Axes
 12148 | Lair:1   | Reached skill level 11 in Axes
 12277 | Lair:1   | Reached skill level 12 in Axes
 12961 | Lair:2   | Reached skill level 13 in Axes
 13097 | Lair:2   | Reached skill level 14 in Axes
 13101 | Lair:2   | Reached XP level 12. HP: 41/112 MP: 3/11
 13521 | Lair:2   | Found a staircase to the Swamp.
 13669 | Lair:2   | Received a gift from Trog
 13777 | Lair:2   | Noticed a seven-headed hydra
 13785 | Lair:2   | Killed a seven-headed hydra
 13785 | Lair:2   | Reached skill level 15 in Axes
 14096 | Lair:2   | Noticed a six-headed hydra
 14104 | Lair:2   | Killed a six-headed hydra
 15045 | D:5      | Bought a +2 buckler of poison resistance for 203 gold pieces
 15045 | D:5      | Bought a +0 pair of boots for 49 gold pieces
 15967 | Lair:3   | Noticed a death yak
 15970 | Lair:3   | Noticed a death yak
 15975 | Lair:3   | Noticed a death yak
 15976 | Lair:3   | Noticed a death yak
 15988 | Lair:3   | Slain by a death yak

Skill      XL: |  1  2  3  4  5  6  7  8  9 10 11 12 |
---------------+-------------------------------------+-----
Axes           | 4 5 6 7 8 9 14 15 | 15.9
Fighting       | 5 8 11 12 | 12.0
Dodging        | 9 12 | 12.1
Armour         | 5 6 |  6.0
Throwing       | 2 |  2.0

Action                   |  1- 3 |  4- 6 |  7- 9 | 10-12 || total
-------------------------+-------+-------+-------+-------++-------
Melee: Hand axe          |    79 |   152 |   250 |   512 ||   993
       Headbutt          |     6 |    30 |    67 |   137 ||   240
       Flail             |       |       |       |    16 ||    16
Invok: Berserk           |       |     2 |     5 |     7 ||    14
       Burn Spellbooks   |       |     1 |     1 |     1 ||     3
       Trog's Hand       |       |       |     1 |     3 ||     4
       Brothers in Arms  |       |       |       |     2 ||     2
Evoke: Wand              |       |       |       |     7 ||     7
  Use: Scroll            |     2 |    11 |     6 |    10 ||    29
       Potion            |       |     1 |     4 |     4 ||     9
 Stab: Sleeping          |     1 |       |       |       ||     1
  Eat: Ration            |     1 |     2 |     5 |    10 ||    18
       Chunk             |       |     3 |     4 |       ||     7
Armor: Animal skin       |    19 |    14 |       |       ||    33
       Scale mail        |       |    37 |    96 |   113 ||   246
Dodge: Dodged            |    54 |    76 |   191 |   417 ||   738
